 Dungeon Crawl Stone Soup version 0.21-a0-260-g9b2435e (webtiles) character file.

43 tof the Caller (level 3, -1/25 HPs)
             Began as a Merfolk Summoner on Sept 7, 2017.
             Slain by a worm (9 damage)
             ... on level 2 of the Dungeon.
             The game lasted 00:07:58 (2123 turns).

tof the Caller (Merfolk Summoner)                   Turns: 2123, Time: 00:07:59

Health: -1/25      AC:  3    Str:  8    XL:     3   Next: 58%
Magic:  2/6        EV: 13    Int: 15    God:
Gold:   76         SH:  0    Dex: 14    Spells: 3/7 levels left

rFire    . . .     SeeInvis .   i - +0 dagger
rCold    . . .     Gourm    .   (no shield)
rNeg     . . .     Faith    .   a - +0 robe
rPois    .         Spirit   .   (no helmet)
rElec    .         Reflect  .   (no cloak)
rCorr    .         Harm     .   k - +0 pair of gloves (curse)
MR       .....                  (no boots)
Stlth    ++........             (no amulet)
HPRegen  0.08/turn              (no ring)
MPRegen  0.10/turn              (no ring)

@: very slightly contaminated
A: change form in water, swift swim, stealthy swim
a: no special abilities


You were on level 2 of the Dungeon.
You were not hungry.

You visited 1 branch of the dungeon, and saw 2 of its levels.

You collected 76 gold pieces.

Inventory:

Hand Weapons
 i - a +0 dagger (weapon)
Armour
 a - a +0 robe (worn)
 k - a cursed +0 pair of gloves (worn)
Jewellery
 j - an uncursed amulet of the gourmand {unknown}
Scrolls
 e - a scroll of teleportation {unknown}
 f - 2 scrolls of identify {unknown}
 g - a scroll of fear {unknown}
 l - a scroll of remove curse {unknown}
Potions
 d - a potion of degeneration {unknown}
Books
 b - a book of Callings

   Spells                             Type                      Level
   a - Summon Small Mammal            Summoning                    1
   b - Call Imp                       Summoning                    2
   c - Call Canine Familiar           Summoning                    3
   d - Summon Guardian Golem          Hexes/Summoning              3
   e - Summon Lightning Spire         Summoning/Air                4
   f - Summon Ice Beast               Ice/Summoning                4
Comestibles
 c - 2 bread rations


   Skills:
 + Level 0.9 Fighting
 + Level 3.0 Dodging
 - Level 2.1 Stealth
 + Level 2.6 Spellcasting
 * Level 4.5 Summonings


You had 3 spell levels left.
You knew the following spells:

 Your Spells              Type           Power        Failure   Level  Hunger
a - Summon Small Mammal   Summ           ###.         3%          1    #......
b - Summon Guardian Gole  Hex/Summ       #.......     24%         3    ###....


Dungeon Overview and Level Annotations

Branches:
Dungeon (2/15)

Altars:


Message History

Your bat hits the worm. The worm bites your bat!
Your bat dies!
Your bat's corpse disappears in a puff of smoke!
You hit the worm.
The worm is heavily wounded.
The worm bites you.
You hit the worm.
The worm is heavily wounded.
You hit the worm but do no damage.
The worm is heavily wounded.
The worm bites you!
You hit the worm.
The worm is severely wounded.
You barely miss the worm.
The worm is severely wounded.
The worm bites you.
You hit the worm.
The worm is severely wounded.
The worm bites you!
You die...

#########...##.........#.#.#.#
#.#..........# #.#..........#.
#.#............
#.#.#..........
#.#.###..###.## #.#.# #..# .#
#.#.# #..# .# #.# #.@# .#
#.w###.# #......#
##.###....... #.# .###.#. ..#
.# #### .# [# .#


You could see a worm.

Vanquished Creatures
  A leopard gecko (D:1)
  A ball python (D:2)
  A bat (D:1)
  2 giant cockroaches
  2 hobgoblins
  2 frilled lizards (D:2)
  2 goblins (D:1)
  2 kobolds
  2 rats (D:1)
15 creatures vanquished.

Vanquished Creatures (collateral kills)
  An adder (D:2)
  A dart slug (D:2)
  2 leopard geckos (D:1)
  3 ball pythons
  2 giant cockroaches (D:1)
  5 goblins
  2 hobgoblins (D:1)
  2 kobolds (D:1)
  A quokka (D:2)
  4 bats (D:1)
  4 rats (D:1)
27 creatures vanquished.

Grand Total: 42 creatures vanquished

Notes
Turn   | Place    | Note
-------+----------+-------------------------------------------
     0 | D:1      | tof the Merfolk Summoner began the quest for the Orb.
     0 | D:1      | Reached XP level 1. HP: 13/13 MP: 3/3
   335 | D:1      | Reached XP level 2. HP: 14/19 MP: 1/5
  1396 | D:1      | Reached XP level 3. HP: 25/25 MP: 3/6
  1902 | D:2      | Learned a level 3 spell: Summon Guardian Golem
  2123 | D:2      | Slain by a worm

Vault maps used:
D:1:      dpeg_arrival_subterranean_lakeside_camping
D:2:      cheibrodos_old_hovel, grunt_ministairs_5

Skill      XL: |  1  2  3 |
---------------+----------+-----
Dodging        | 3 |  3.0
Fighting       | |  0.9
Stealth        | |  2.1
Spellcasting   | |  2.6
Summonings     | |  4.5

Action                   || total
-------------------------++-------
Melee: Unarmed           ||    30
       Tailslap          ||     1
       Dagger            ||    84
 Cast: Summon Small Mamm ||    74
       Summon Guardian G ||     2
 Stab: Distracted        ||     1
  Eat: Chunk             ||     5
Armor: Robe              ||    43
Dodge: Dodged            ||   140

Table legend:
 A = Spawn XP
 B = Non-spawn XP
 C = Spawn XP percentage of total XP
 D = Spawn monster count
 E = Non-spawn monster count
 F = Spawn count percentage of total count
 G = Total turns spent on level
                    A         B        C        D         E        F      G
               +---------+---------+-------+---------+---------+-------+---------
         Total |       0 |      62 |   0.0 |       0 |      42 |   0.0 |  2123
               +---------+---------+-------+---------+---------+-------+---------
           D:1 |       0 |      35 |   0.0 |       0 |      30 |   0.0 |  1467
           D:2 |       0 |      27 |   0.0 |       0 |      12 |   0.0 |   656
               +---------+---------+-------+---------+---------+-------+---------
